 Dungeon Crawl Stone Soup version 0.18.1-6-gd335043 (webtiles) character file.

636 Romlok the Shield-Bearer (level 7, 0/48 HPs)
             Began as a Halfling Wizard on May 19, 2016.
             Slain by an orc priest
             ... wielding a +0 flail
              (5 damage)
             ... on level 5 of the Dungeon.
             The game lasted 00:56:23 (7328 turns).

Romlok the Shield-Bearer (Halfling Wizard)          Turns: 7328, Time: 00:56:24

Health: 0/48       AC:  3    Str:  9    XL:     7   Next: 79%
Magic:  8/10       EV: 14    Int: 17    God:
Gold:   306        SH:  7    Dex: 13    Spells: 3 memorised, 5 levels left

rFire  . . .     SeeInvis .     s - +0 falchion
rCold  . . .     Gourm    .     a - +0 robe
rNeg   . . .     Faith    .     k - +1 buckler
rPois  .         Spirit   .     b - +0 hat
rElec  .         Dismiss  .     w - +0 cloak
rCorr  .         Reflect  .     (no gloves)
SustAt .         Harm     .     (no boots)
MR     .....                    (no amulet)
Stlth  ++........               (no ring)
                                (no ring)

@: very slightly contaminated, repel missiles, not resistant to hostile
enchantments, unstealthy
A: mutation resistance 1
a: no special abilities


You were on level 5 of the Dungeon.
You were very hungry.

You visited 1 branch of the dungeon, and saw 5 of its levels.
You also visited: Ossuary.

You collected 306 gold pieces.

Inventory:

Hand Weapons
 i - a +1 dagger
 s - a +0 falchion (weapon)
 v - a +0 hand axe of chopping
Missiles
 h - 91 stones (quivered)
Armour
 a - a +0 robe (worn)
 b - a +0 hat (worn)
 k - a +1 buckler (worn)
 m - a +0 shield
 w - a +0 cloak (worn)
Jewellery
 e - an uncursed amulet of guardian spirit
Wands
 q - a wand of lightning (1/15)
Scrolls
 f - 2 scrolls of magic mapping
 g - 3 scrolls of identify
 j - a scroll of blinking
 l - a scroll of enchant armour
 t - a scroll of remove curse
Potions
 x - a potion of flight
Books
 c - a book of Minor Magic

   Spells                             Type                      Level
   a - Magic Dart                     Conjuration                  1
   b - Blink                          Translocation                2
   c - Call Imp                       Summoning                    2
   d - Repel Missiles                 Charms/Air                   2
   e - Slow                           Hexes                        2
   f - Conjure Flame                  Conjuration/Fire             3
   g - Mephitic Cloud                 Conjuration/Poison/Air       3
 o - a book of Fire

   Spells                             Type                      Level
   a - Ignite Poison                  Fire/Transmutation/Poison    3
   b - Fireball                       Conjuration/Fire             5
   c - Bolt of Fire                   Conjuration/Fire             6
   d - Delayed Fireball               Conjuration/Fire             7
   e - Ring of Flames                 Charms/Fire                  7
Comestibles
 d - 5 bread rations
 n - a slice of pizza
 p - 2 meat rations


   Skills:
 - Level 4.0 Fighting
 - Level 3.0(4.0) Short Blades
 * Level 3.1(3.4) Long Blades
 - Level 2.1 Dodging
 - Level 2.1 Stealth
 + Level 5.0 Shields
 - Level 2.4 Spellcasting
 - Level 0.7 Conjurations
   Level 0.8 Summonings
 - Level 1.1 Translocations


You had 5 spell levels left.
You knew the following spells:

 Your Spells              Type           Power        Failure   Level  Hunger
a - Magic Dart            Conj           #...         17%         1    #......
b - Blink                 Tloc           N/A          21%         2    ##.....
c - Repel Missiles        Chrm/Air       #.....       30%         2    ##.....


Dungeon Overview and Level Annotations

Branches:
Dungeon (5/15)
 Temple: D:4-7

Altars:
Makhleb
The Shining One

Annotations:
D:3 lupus83's ghost, amateur VSMo
D:4 Sigmund


Innate Abilities, Weirdness & Mutations

You are small and have problems with some larger weapons.
You are somewhat resistant to further mutation.


Message History

* * * LOW HITPOINT WARNING * * *
You hit the orc priest.
You kill the orc priest!
Your Long Blades skill increases to level 3!
Things that are here:
a flail x2; an orc corpse You butcher the orc corpse.
An orc priest comes into view. It is wielding a flail.
Things that are here:
a flail x2; a chunk of flesh You barely miss the orc priest.
You block the orc priest's attack.
You hit the orc priest but do no damage.
The orc priest hits you with a flail!
* * * LOW HITPOINT WARNING * * *
Casting: Magic Dart
Confirm with . or Enter, or press ? or * to list all spells.
You miscast Blink.
You are very lightly contaminated with residual magic.
Nothing appears to happen.
The orc priest hits you with a flail.
You die...

#. #.# # ###.######
###. ........# ....#
#......#
.....##......###.#..
#........?.........
#......@.)#
####.....o.#
#...<......###.##.
#.###.............
.. #............Z ..
#.............
############.. .


You could see an orc priest.

Vanquished Creatures
  An eye of draining (D:4)
  A centaur (D:4)
  An ogre (D:4)
  A hound (D:4)
  An orc wizard (D:4)
  An orc priest (D:5)
  A giant frog skeleton (D:4)
  3 worker ants (D:4)
  A mummy (D:4)
  A howler monkey skeleton (D:4)
  8 adders
  An adder skeleton (D:4)
  5 worms (D:4)
  3 dart slugs
  2 giant geckos (D:3)
  10 orcs
  10 bats
  6 giant cockroaches
  4 goblins
  2 hobgoblins (D:1)
  3 jackals (D:1)
  7 kobolds
  3 quokkas
  2 ball pythons (D:3)
  5 giant newts
  6 rats
89 creatures vanquished.

Notes
Turn   | Place    | Note
--------------------------------------------------------------
     0 | D:1      | Romlok the Halfling Wizard began the quest for the Orb.
     0 | D:1      | Reached XP level 1. HP: 11/11 MP: 3/3
   342 | D:1      | Reached skill level 1 in Fighting
   518 | D:1      | Reached XP level 2. HP: 4/18 MP: 0/5
  1485 | D:1      | Reached XP level 3. HP: 15/24 MP: 6/6
  1677 | D:2      | Learned a level 2 spell: Blink
  1680 | D:2      | Learned a level 2 spell: Repel Missiles
  1718 | D:2      | Reached skill level 1 in Shields
  2372 | D:2      | Reached XP level 4. HP: 27/30 MP: 7/7
  2384 | D:2      | Found a glowing golden altar of the Shining One.
  2416 | D:2      | Found a burning altar of Makhleb.
  3041 | D:3      | Reached skill level 2 in Shields
  3301 | D:3      | Noticed lupus83's ghost (amateur VSMo)
  3900 | D:3      | Reached XP level 5. HP: 30/36 MP: 6/8
  4274 | D:4      | Noticed Sigmund
  4302 | D:4      | Noticed an ogre
  4313 | D:4      | Found a sand-covered staircase.
  4320 | Ossuary  | Entered an ossuary
  4385 | D:4      | Reached skill level 1 in Short Blades
  4800 | D:4      | Noticed an eye of draining
  4904 | D:4      | Killed an eye of draining
  4904 | D:4      | Reached skill level 3 in Shields
  4904 | D:4      | Reached XP level 6. HP: 42/42 MP: 1/9
  5415 | D:4      | Reached skill level 4 in Shields
  5518 | D:4      | Reached XP level 7. HP: 34/48 MP: 0/10
  5945 | D:4      | Reached skill level 1 in Long Blades
  6951 | D:5      | Entered Level 5 of the Dungeon
  7164 | D:4      | Reached skill level 5 in Shields
  7328 | D:5      | Slain by an orc priest

Skill      XL: |  1  2  3  4  5  6  7 |
---------------+----------------------+-----
Fighting       | 1 2 3 4 |  4.0
Shields        | 1 2 3 4 5 |  5.0
Short Blades   | 2 3 |  3.0
Long Blades    | 3 |  3.1
Dodging        | |  2.1
Stealth        | |  2.1
Spellcasting   | |  2.4
Conjurations   | |  0.7
Summonings     | |  0.8
Translocations | |  1.1

Action                   |  1- 3 |  4- 6 |  7- 9 || total
-------------------------+-------+-------+-------++-------
Melee: Unarmed           |    18 |       |       ||    18
       Club              |     5 |       |       ||     5
       Dagger            |   104 |   206 |     5 ||   315
       Falchion          |       |       |   146 ||   146
Throw: Stone             |     9 |     6 |       ||    15
 Cast: Magic Dart        |    37 |    70 |    15 ||   122
       Repel Missiles    |       |     1 |       ||     1
Evoke: Wand              |       |     2 |       ||     2
  Use: Scroll            |     3 |     7 |       ||    10
       Potion            |       |     4 |       ||     4
 Stab: Sleeping          |     7 |     7 |       ||    14
  Eat: Chunk             |     4 |    11 |     6 ||    21
Armor: Robe              |    30 |    26 |    11 ||    67
Dodge: Dodged            |   116 |    80 |    64 ||   260
       Deflected         |       |     1 |       ||     1
Block: Buckler           |       |    28 |    34 ||    62
